 Dungeon Crawl Stone Soup version 0.23.1 (webtiles) character file.

Game seed: 1386765769264287514

624 Borgoz the Sneak (level 7, -1/56 HPs)
             Began as a Ghoul Enchanter on Mar 4, 2019.
             Slain by a water moccasin (9 damage)
             ... on level 5 of the Dungeon.
             The game lasted 00:10:11 (4215 turns).

Borgoz the Sneak (Ghoul Enchanter)                  Turns: 4215, Time: 00:10:12

Health: -1/56      AC:  4    Str: 12    XL:     7   Next: 47%
Magic:  27/27      EV: 13    Int: 11    God:
Gold:   197        SH:  0    Dex: 10    Spells: 4/10 levels left

rFire    . . .     SeeInvis .   a - +1 short sword (elec)
rCold    + . .     Gourm    .   (no shield)
rNeg     + + +     Faith    .   b - +0 robe
rPois    ∞         Spirit   .   (no helmet)
rElec    .         Reflect  .   (no cloak)
rCorr    .         Harm     .   h - +1 pair of gloves
MR       .....                  (no boots)
Stlth    +++.......             (no amulet)
HPRegen  0.00/turn              g - ring of magical power
MPRegen  0.20/turn              i - ring of magical power

@: rotting, invisible
A: rotting body, claws 1, carnivore, cold resistance 1, negative energy
resistance 3, inhibited regeneration, torment resistance, unbreathing
a: no special abilities


You were on level 5 of the Dungeon.
You were not hungry.

You visited 1 branch of the dungeon, and saw 6 of its levels.

You collected 197 gold pieces.

Inventory:

Hand Weapons
 a - a +1 short sword of electrocution (weapon)
 c - the +3 rapier "Elaonwarph" {freeze, rF- Int+6 Dex+7}
   (You found it on level 5 of the Dungeon)

   It has been specially enchanted to freeze those struck by it, causing extra
   injury to most foes and up to half again as much damage against particularly
   susceptible opponents.
   It can also slow down cold-blooded creatures.
   It affects your intelligence (+6).
   It affects your dexterity (+7).
   It makes you vulnerable to fire.
Missiles
 s - 5 poisoned needles
Armour
 b - a +0 robe (worn)
 h - a +1 pair of gloves (worn)
Jewellery
 g - a ring of magical power (left hand)
 i - a ring of magical power (right hand)
 k - an uncursed ring of ice {unknown}
Wands
 f - a wand of iceblast (11)
Scrolls
 e - 5 scrolls of remove curse
 l - a scroll of magic mapping
 m - a scroll of fear
 n - a scroll of amnesia
Potions
 o - a potion of haste {unknown}
 q - a potion of flight
 t - a potion of curing
Comestibles
 d - 5 rations


   Skills:
 + Level 2.7 Fighting
 * Level 4.3 Short Blades
 + Level 3.4 Dodging
 + Level 5.1 Stealth
 + Level 2.4 Spellcasting
 + Level 2.9 Hexes


You had 4 spell levels left.
You knew the following spells:

 Your Spells              Type           Power        Failure   Level  Hunger
a - Corona                Hex            #......      9%          1    ##.....
b - Ensorcelled Hibernat  Hex/Ice        #.....       22%         2    ###....
c - Confuse               Hex            #.......     26%         3    ####...

Your spell library contained the following spells:

 Spells                   Type           Power        Failure   Level  Hunger
 Tukima's Dance           Hex            #.......     26%         3    ####...
 Dazzling Spray           Conj/Hex       #.....       41%         3    ####...


Dungeon Overview and Level Annotations

Branches:
Dungeon (6/15)
 Temple: D:4-7

Altars:
Fedhas
Makhleb
Okawaru


Innate Abilities, Weirdness & Mutations

Your body is rotting away.
You thrive on raw meat.
You are immune to poison.
You have sharp fingernails.
You are carnivorous and can eat meat at any time.
Your flesh is cold resistant. (rC+)
You are immune to negative energy. (rN+++)
You do not regenerate when monsters are visible.
You are immune to unholy pain and torment.
You can survive without breathing.


Message History

The centaur zombie misses you. Something hits you but does no damage.
The water moccasin hisses angrily.
Something hits you but does no damage. Something barely misses you.
The centaur zombie misses you. The water moccasin bites you.
There is a stone staircase leading up here.
The centaur zombie hits you. Something hits you. Something shocks you.
* * * LOW HITPOINT WARNING * * *
The water moccasin bites you but does no damage.
You climb upwards.
Reactivating autopickup.
There is a stone staircase leading down here.
Something hits you but does no damage.
Deactivating autopickup; reactivate with Ctrl-A.
The water moccasin bites you.
* * * LOW HITPOINT WARNING * * *
Okay, then.
You fade into invisibility!
The water moccasin bites you!
You die...

#...##.........#..# #### #
#...##.#########..# ##..#####
#...##.#########..# #....##..
#...##............####....'...
###...############.##).##..##...
#.........# ######.#....'#÷###..
##.........###....#.#....##...##'
.'.........'.'....'.##..##.....##
.#.........###>S@.#.##(##.......#
.#.........# #....###..##...8..(#
.#.........###....##)...#(......#
.#######..........##....##.....##
.# #...........###.(#'##...##.
.######..<........# ####..###'#'.
..................# #....##..##
#######...........## #....'....#
#............# ##..##....#


You could see a water moccasin.

Vanquished Creatures
  An ogre (D:5)
  A centaur (D:5)
  2 crimson imps (D:5)
  A centaur zombie (D:5)
  A hound (D:5)
  Natasha (thrice) (D:5)
  3 worker ants
  A killer bee zombie (D:5)
  6 adders
  2 shadow imps (D:5)
  3 worms
  2 dart slugs
  6 leopard geckos
  3 giant cockroaches
  5 goblins
  12 hobgoblins
  13 jackals
  2 ball pythons
  5 bats
  3 frilled lizards
  7 kobolds
  10 rats
92 creatures vanquished.

Notes
Turn   | Place    | Note
-------+----------+-------------------------------------------
     0 | D:1      | Borgoz the Ghoul Enchanter began the quest for the Orb.
     0 | D:1      | Reached XP level 1. HP: 14/14 MP: 2/2
    59 | D:1      | Reached skill level 1 in Short Blades
   219 | D:1      | Reached XP level 2. HP: 20/20 MP: 3/3
   283 | D:1      | Learned a level 2 spell: Ensorcelled Hibernation
   500 | D:1      | Reached XP level 3. HP: 12/26 MP: 0/4
  1114 | D:2      | Reached XP level 4. HP: 34/34 MP: 5/5
  1119 | D:2      | Reached skill level 4 in Stealth
  1516 | D:2      | Reached skill level 1 in Fighting
  2123 | D:3      | Reached XP level 5. HP: 32/40 MP: 6/6
  2451 | D:4      | Noticed a two-headed ogre
  2558 | D:5      | Entered Level 5 of the Dungeon
  2558 | D:5      | Found a burning altar of Makhleb.
  2573 | D:5      | Found a blossoming altar of Fedhas.
  2594 | D:5      | Found an iron altar of Okawaru.
  2758 | D:5      | Learned a level 3 spell: Confuse
  2774 | D:5      | Got an encrusted rapier
  2845 | D:4      | Noticed Natasha
  2867 | D:5      | Killed Natasha
  3299 | D:5      | Reached XP level 6. HP: 41/45 MP: 7/7
  3398 | D:5      | Noticed Natasha
  3407 | D:5      | Killed Natasha
  3580 | D:5      | Reached XP level 7. HP: 54/56 MP: 9/9
  3595 | D:5      | Reached skill level 5 in Stealth
  3695 | D:5      | Noticed Natasha
  3710 | D:5      | Killed Natasha
  3780 | D:5      | Identified the +3 rapier "Elaonwarph" {freeze, rF- Int+6
                  | Dex+7} (You found it on level 5 of the Dungeon)
  4215 | D:5      | Slain by a water moccasin

Skill      XL: |  1  2  3  4  5  6  7 |
---------------+----------------------+-----
Short Blades   | 1 2 3 4 |  4.3
Dodging        | 2 3 |  3.4
Stealth        | 4 5 |  5.1
Fighting       | 1 2 |  2.7
Spellcasting   | 2 |  2.4
Hexes          | |  2.9

Action                   |  1- 3 |  4- 6 |  7- 9 || total
-------------------------+-------+-------+-------++-------
Melee: Dagger            |   134 |    22 |       ||   156
       Short sword       |       |   154 |    23 ||   177
 Cast: Corona            |     2 |       |       ||     2
       Ensorcelled Hiber |     7 |    24 |     7 ||    38
       Confuse           |       |     1 |     3 ||     4
  Use: Scroll            |       |     4 |     4 ||     8
       Potion            |       |     4 |     1 ||     5
 Stab: Sleeping          |     6 |    16 |     3 ||    25
       Distracted        |     1 |       |       ||     1
       Confused          |       |     1 |       ||     1
  Eat: Chunk             |    17 |    14 |     1 ||    32
Armor: Robe              |    25 |    50 |    10 ||    85
Dodge: Dodged            |    88 |   133 |    24 ||   245
